 Dungeon Crawl Stone Soup version 0.18-a0-1808-g3e993bd (webtiles) character file.

371139 TheGoonsmith the Grand Gadgeteer (level 21, -1/206 HPs)
             Began as a Deep Dwarf Artificer on Apr 25, 2016.
             Was the Champion of Pakellas.
             Killed from afar by an ice dragon (37 damage)
             ... with a blast of cold
             ... on level 4 of the Depths on Apr 26, 2016.
             The game lasted 04:30:18 (44259 turns).

TheGoonsmith the Grand Gadgeteer (DDAr)            Turns: 44259, Time: 04:30:19

Health: -1/206     AC: 52    Str: 26    XL:     21   Next: 69%
Magic:  13/27      EV:  8    Int: 16    God:    Pakellas [******]
Gold:   1126       SH:  4    Dex: 14    Spells: 0 memorised, 20 levels left

rFire  + + .     SeeInvis .     a - +7 executioner's axe (freeze)
rCold  . . .     Gourm    .     i - +8 orange crystal plate armour {Archmagi, Int+3 Clar SustAt}
rNeg   + . .     Faith    .     (shield currently unavailable)
rPois  .         Spirit   .     c - +2 helmet
rElec  .         Dismiss  .     u - +2 cloak
rCorr  .         Reflect  +     s - +2 pair of gloves {archery}
SustAt +         Harm     .     y - +2 pair of boots
MR     +++..     Clarity  +     k - amulet "Emyrinwo" {Reflect +Blink rF+ MP-9 Str+2 SH+4}
Stlth  ..........               U - ring of flight
                                Q - ring of protection from fire

@: non-regenerating, extremely resistant to hostile enchantments, extremely
unstealthy
A: damage resistance, recharge devices, molten scales 1, slimy green scales 1,
negative energy resistance 1, sense surroundings 3, slow regeneration 3
a: Device Recharging, Quick Charge, Device Surge, Renounce Religion, Evoke
Blink, Evoke Flight
}: 2/15 runes: serpentine, barnacled


You were on level 4 of the Depths.
You worshipped Pakellas.
Pakellas was exalted by your worship.
You were hungry.

You visited 7 branches of the dungeon, and saw 41 of its levels.
You visited 2 bazaars.
You also visited: Labyrinth and Ice Cave.

You collected 4842 gold pieces.
You spent 3716 gold pieces at shops.

Inventory:

Hand Weapons
 a - a +7 executioner's axe of freezing (weapon)
 X - the +9 battleaxe "Uxoisk" {flame, rPois rC+ Dex+2}
   (You found it on level 2 of the Shoals)

   It has been specially enchanted to burn those struck by it, causing extra
   injury to most foes and up to half again as much damage against particularly
   susceptible opponents.
   Big, fiery blades are also staple armaments of hydra-hunters.
   It affects your dexterity (+2).
   It protects you from cold.
   It protects you from poison.
Armour
 c - a +2 helmet (worn)
 i - the +8 orange crystal plate armour (worn) {Archmagi, Int+3 Clar SustAt}
   (You found it on level 7 of the Dungeon)

   It affects your intelligence (+3).
   It sustains your strength, intelligence and dexterity.
   It protects you against confusion.
 s - a +2 pair of gloves of archery (worn)
 u - a +2 cloak (worn)
 y - a +2 pair of boots (worn)
Rods
 b - a +10 rod of clouds (16/18)
   (Pakellas gifted it to you on level 8 of the Dungeon)
 d - a +3 iron rod (12/12)
   (You took it off a minotaur in a labyrinth)
 T - a +0 rod of inaccuracy (10/10)
   (You found it on level 5 of the Dungeon)
Jewellery
 k - the amulet "Emyrinwo" (around neck) {Reflect +Blink rF+ MP-9 Str+2 SH+4}
   (You bought it in a shop on level 2 of the Orcish Mines)

   [amulet of reflection]

   It shields you and reflects attacks.
   It affects your strength (+2).
   It protects you from fire.
   It affects your magic capacity (-9).
   It lets you blink.
   It affects your SH (+4).
 q - the ring of Xyuzxili {Fire rPois MR++ Str+5 Stlth-}
   (You found it on level 4 of the Shoals)

   [ring of fire]

   It enhances your fire magic, and weakens your ice magic.
   It affects your strength (+5).
   It protects you from fire.
   It makes you vulnerable to cold.
   It protects you from poison.
   It affects your resistance to hostile enchantments.
   It makes you less stealthy.
 Q - a ring of protection from fire (left hand)
 U - a ring of flight (right hand)
Wands
 e - a wand of heal wounds (2/9)
 g - a wand of lightning (12/15)
 p - a wand of digging (16/24)
 v - a wand of acid (8/15)
 C - a wand of iceblast (8/15)
 H - a wand of enslavement (9/24)
Scrolls
 f - 5 scrolls of magic mapping
 j - a scroll of brand weapon
 o - 7 scrolls of fear
 r - 7 scrolls of identify
 t - 21 scrolls of teleportation
 D - a scroll of fog
 P - 4 scrolls of blinking
 S - 17 scrolls of remove curse
 Y - a scroll of summoning
Potions
 h - 8 potions of curing
 m - 4 potions of flight
 w - a potion of invisibility
 A - 5 potions of magic
 B - 3 potions of resistance
 F - 3 potions of might
 K - 8 potions of haste
 L - a potion of agility
 R - a potion of berserk rage
 Z - 3 potions of cancellation
Miscellaneous
 l - a phial of floods
 E - a stone of tremors
 G - a box of beasts
 M - a box of beasts
 N - a box of beasts
 V - a fan of gales
Comestibles
 n - a meat ration
 O - 13 royal jellies


   Skills:
 - Level 16.4 Fighting
   Level 0.8 Short Blades
 + Level 20.7(20.9) Axes
   Level 3.7(13.5) Maces & Flails
 - Level 18.5 Armour
 - Level 14.3 Dodging
 - Level 1.2 Stealth
   Level 3.7 Shields
 - Level 23.1 Evocations


You had 20 spell levels left.
You didn't know any spells.

Dungeon Overview and Level Annotations

Branches:
Dungeon (15/15)            Temple (0/1) D:5            Lair (8/8) D:9
 Shoals (4/4) Lair:5        Snake (4/4) Lair:6        Slime (0/6) Lair:7
    Orc (2/2) D:9             Elf (0/3) Orc:2        Vaults (4/5) D:14
  Crypt (0/3) Vaults:3     Depths (4/5) D:15

Altars:
Ashenzari
Cheibriados
Elyvilon
Gozag
Kikubaaqudgha
Makhleb
Okawaru
Pakellas
Qazlal
Sif Muna
Trog
Xom
Yredelemnul
Zin
The Shining One
Beogh
Jiyva
Lugonu

Shops:
D:4 (   D:8 *   D:10 !   D:12 }   D:13 =   D:14 (((   D:15 *   Orc:2 *=[[
Shoals:4 =   Vaults:2 (   Vaults:3 (

Portals:
Hell: Depths:1 Depths:2 Depths:3
Abyss: Depths:3
Pandemonium: Depths:3
Ziggurat: Depths:3


Innate Abilities, Weirdness & Mutations

You are resistant to damage.
You can recharge devices by infusing magical energy.
You resist negative energy.
You passively map a large area around you.
You do not regenerate naturally.
You are partially covered in molten scales (AC +1).
You are partially covered in slimy green scales (AC +2).


Message History

The yaktaur captain shoots a bolt.
The bolt hits you! The fire dragon breathes flames at you.
The blast of flame hits you! You resist. The stone giant hits you!
* * * LOW HITPOINT WARNING * * *
The stone giant throws a large rock.
The large rock hits you.
* * * LOW HITPOINT WARNING * * *
A yaktaur and 2 stone giants come into view.
There is a stone staircase leading up, spattered with blood here.
Things that are here:
2 large rocks; 3 bolts The stone giant shouts!
The stone giant hits you but does no damage.
The red very ugly thing headbutts you!
* * * LOW HITPOINT WARNING * * *
The yaktaur captain shoots a bolt.
The bolt hits you!
* * * LOW HITPOINT WARNING * * *
The ice dragon breathes frost at you. The blast of cold hits you!
You die...
Pakellas says: Time to start the next experiment...

, . ..
#.....#.....# *
.....#.....#.C...#,
, * ** ,*
....#..C.C#...§.#.
* *,, ,
.D#.#.#.#.#.....#,,
,, , , #...#.#)§.#
, , , * , ,,
#.#..)#c#...#, , *
, ,#.<[<(#.c.... ,
, , * *,,
#..^†.#.....# * * *
, #u@.>.#.....# ,
,#(#.C.#.#...#.# ,
, , ,
**#J..#.#..c###...
, * *, ,*
.C#D#.#.#.#..,..#,,
, * * ∩ ....#..
..#... ,#. ,
...cc#.. ..#.... ,
, * .,.c, , .#
,.,,*, , * .. *,,
#. , , , *, ** ,


You could see a red very ugly thing, a fire dragon, an ice dragon, 3 stone
giants, 2 yaktaur captains, a slime creature, a centaur warrior and 2 yaktaurs.

Vanquished Creatures
  Mennas (Vaults:3)
  Rupert (Orc:2)
  Asterion (Vaults:2)
  The ghost of AlphabetPasta the Blinker, an adept SpWr of Ashenzari (Depths:2)
  A titan (Depths:2)
  A sphinx (Depths:2)
  A kraken (Shoals:3)
  Kirke (Lair:7)
  Ilsuiw (Shoals:4)
  A fire giant (Depths:2)
  7 greater nagas
  7 frost giants
  5 vault wardens
  A balrug (Depths:2)
  8 ironheart preservers
  A spriggan defender (Depths:3)
  8 very ugly things
  14 stone giants
  2 salamander stormcallers (Vaults:2)
  A vampire knight (Depths:1)
  5 ettins
  7 merfolk javelineers
  Snorg (Lair:3)
  7 vault guards
  A minotaur (Lab)
  14 merfolk impalers
  Erolcha (D:11)
  Josephine (D:11)
  5 fire dragons
  8 yaktaur captains
  Harold (Orc:1)
  A rakshasa (Depths:3)
  An entropy weaver (D:15)
  8 ice dragons
  11 naga warriors
  7 great orbs of eyes
  8 hydras
  9 centaur warriors
  3 spriggan air magi
  2 catoblepae (Lair:8)
  9 anacondas
  A merfolk avatar (Shoals:4)
  5 satyrs
  8 deep troll shamans
  4 tengu warriors
  7 deep troll earth magi
  4 merfolk aquamancers
  4 death knights
  12 ogre magi
  A vampire mage (Depths:1)
  4 naga sharpshooters
  4 spriggan berserkers
  10 death yaks
  Urug (D:13)
  3 orc high priests (Orc:2)
  2 hell knights (Vaults:2)
  10 shock serpents
  3 deep elf knights (Vaults:4)
  2 sun demons (Depths:2)
  A salamander mystic (Snake:4)
  2 iron trolls (Depths:2)
  A shadow wraith (Vaults:3)
  4 unseen horrors
  2 giant orange brains
  14 sea snakes
  7 deep elf archers
  4 skeletal warriors
  12 orc knights
  A flayed ghost (Depths:1)
  10 naga ritualists
  26 deep trolls
  6 harpies
  Pikel (D:8)
  9 hill giants
  6 wizards
  12 mana vipers
  A wolf spider zombie (D:15)
  5 ironbrand convokers
  4 necromancers
  3 phantasmal warriors
  14 griffons
  5 wolf spiders
  29 fauns
  A faun (shapeshifter) (Depths:2)
  An oklob plant (Orc:2)
  17 cyclopes
  5 orc sorcerers
  3 hornets
  A shining eye (Lair:7)
  42 ugly things
  8 deep elf magi
  A cyclops (shapeshifter) (Vaults:1)
  8 komodo dragons
  10 salamanders
  6 vault sentinels
  9 elephants (Lair:8)
  16 naga magi
  8 manticores
  47 black mambas
  7 sirens
  A stone giant skeleton (Vaults:3)
  12 guardian serpents
  7 gargoyles
  An ice statue (IceCv)
  8 spiny frogs
  4 water nymphs
  3 centaur skeletons
  A kobold demonologist (Vaults:1)
  25 yaktaurs
  2 efreet
  A komodo dragon (shapeshifter) (Depths:2)
  6 rime drakes
  An entropy weaver zombie (Vaults:3)
  3 freezing wraiths
  A troll (shapeshifter) (Vaults:3)
  8 trolls
  A jumping spider (shapeshifter) (Vaults:3)
  A jumping spider (Depths:1)
  30 merfolk
  15 polar bears
  A two-headed ogre (shapeshifter) (Vaults:3)
  17 two-headed ogres
  A polar bear (shapeshifter) (Vaults:2)
  A queen bee (D:8)
  18 blink frogs
  A boulder beetle (Vaults:1)
  A wind drake (Shoals:3)
  13 slime creatures
  A sphinx simulacrum (Vaults:2)
  A boulder beetle (shapeshifter) (Vaults:3)
  A stone giant simulacrum (Vaults:3)
  6 snapping turtles
  5 redbacks
  A vampire (D:12)
  A spriggan (Depths:3)
  2 shadows
  3 tarantellas
  18 water elementals
  2 air elementals (Depths:2)
  A spriggan (shapeshifter) (Vaults:3)
  4 wyverns
  7 wraiths
  6 hogs (Lair:7)
  64 yaks
  2 steam dragons
  6 humans (D:6)
  A hippogriff (shapeshifter) (Depths:4)
  10 hippogriffs
  A human simulacrum (Vaults:3)
  36 nagas
  3 mottled dragons
  24 vampire mosquitoes
  2 wargs
  A soldier ant (shapeshifter) (Vaults:4)
  2 soldier ants
  8 water moccasins
  11 porcupines
  A slave (D:8)
  A phantom (D:12)
  2 wasps
  An eye of draining (D:11)
  37 orc warriors
  3 black bears
  14 ice beasts
  4 sky beasts
  An ettin simulacrum (Vaults:3)
  12 boggarts
  36 ogres
  9 crocodiles
  3 necrophages
  38 wolves
  20 centaurs
  5 big kobolds
  14 giant frogs
  A wyvern zombie (D:10)
  A wyvern skeleton (D:6)
  A water moccasin zombie (D:6)
  A gnoll sergeant (D:10)
  4 scorpions
  38 killer bees
  An elf simulacrum (Vaults:3)
  18 wights
  3 electric eels (Snake:2)
  11 crimson imps
  A giant frog zombie (D:13)
  6 centaur zombies
  8 jellies
  8 hounds
  18 orc priests
  Crazy Yiuf (D:7)
  26 orc wizards
  5 giant frog skeletons
  Jessica (D:3)
  11 iguanas
  10 worker ants
  A killer bee zombie (D:10)
  22 sheep
  A hound skeleton (D:4)
  A howler monkey zombie (D:5)
  A worker ant zombie (D:11)
  Robin (D:3)
  14 gnolls
  13 adders
  53 river rats
  A shadow imp (D:9)
  An ooze (D:1)
  An adder zombie (D:10)
  3 worms
  An adder skeleton (D:9)
  2 dart slugs
  5 giant geckos
  132 orcs
  2 bat zombies (D:4)
  10 giant cockroaches
  17 goblins
  13 hobgoblins
  14 jackals
  3 quokkas
  4 ball pythons
  A ball python zombie (D:5)
  6 bats
  3 giant newts
  25 kobolds
  A quokka skeleton (D:4)
  9 rats
  A rat zombie (D:4)
  11 fungi
  20 plants
  A tentacle (Shoals:3)
1811 creatures vanquished.

Vanquished Creatures (collateral kills)
  Margery (Vaults:2)
  A greater naga (Snake:4)
  Donald (Snake:4)
  2 naga warriors (Snake:4)
  A merfolk aquamancer (Shoals:4)
  2 anacondas (Snake:4)
  2 death yaks (Lair:7)
  A naga sharpshooter (Snake:4)
  A shock serpent (Snake:4)
  2 sea snakes
  3 deep trolls (Vaults:1)
  A naga ritualist (Snake:4)
  A faun (Shoals:4)
  A manticore (Shoals:4)
  5 black mambas
  A water nymph (Shoals:1)
  5 merfolk (Shoals:4)
  2 wolves (Lair:1)
  A snapping turtle (Shoals:4)
  2 water elementals
  A yak (Lair:1)
  A vampire mosquito (Vaults:1)
  A hippogriff (Lair:6)
  A naga (Snake:4)
  3 water moccasins
  An orc warrior (D:10)
  A black bear (D:10)
  A crocodile (Lair:4)
  An orc priest (D:9)
  An orc wizard (D:9)
  4 river rats (Lair:3)
  2 orcs (D:10)
  A ball python (Lair:6)
  2 plants
57 creatures vanquished.

Vanquished Creatures (others)
  A merfolk javelineer (Shoals:4)
  2 ogre magi
  A satyr (Shoals:3)
  Sonja (D:10)
  A deep troll (Vaults:1)
  A faun (Shoals:4)
  A spiny frog (Lair:1)
  A wolf (Lair:1)
  A troll (D:2)
  2 yaks (Lair:1)
  A hippogriff (Lair:1)
  A jelly (D:8)
  A slave (D:8)
  2 necrophages (Lair:4)
  A centaur (Vaults:1)
  An adder (D:2)
  A rat (D:2)
  16 fungi
  32 plants
  8 tentacles (Shoals:3)
  176 tentacle segments (Shoals:3)
252 creatures vanquished.

Grand Total: 2120 creatures vanquished

Notes
Turn   | Place    | Note
--------------------------------------------------------------
     0 | D:1      | TheGoonsmith the Deep Dwarf Artificer began the quest for the Orb.
     0 | D:1      | Reached XP level 1. HP: 16/16 MP: 3/3
   113 | D:1      | Reached skill level 1 in Fighting
   179 | D:1      | Reached skill level 1 in Maces & Flails
   243 | D:1      | Reached XP level 2. HP: 22/25 MP: 5/5
   562 | D:1      | Reached skill level 1 in Shields
   735 | D:1      | Reached XP level 3. HP: 18/31 MP: 6/6
  1549 | D:2      | Noticed Sigmund
  1734 | D:2      | Noticed Sigmund
  1734 | D:2      | Sigmund changed into Sigmund the killer bee
  1846 | D:2      | Killed Sigmund the killer bee
  1846 | D:2      | Reached XP level 4. HP: 30/38 MP: 7/7
  1939 | D:2      | Found an oddly glowing altar of Pakellas.
  1939 | D:2      | Noticed an orange crystal statue
  1940 | D:2      | Noticed a troll
  1943 | D:2      | Became a worshipper of Pakellas the Inventive
  1946 | D:2      | Killed a troll
  2391 | D:3      | Reached * piety under Pakellas
  2391 | D:3      | Received a gift from Pakellas
  2481 | D:3      | Noticed Robin
  2498 | D:3      | Killed Robin
  2498 | D:3      | Reached XP level 5. HP: 39/44 MP: 8/8
  2621 | D:3      | Noticed Jessica
  2626 | D:3      | Killed Jessica
  3123 | D:3      | Reached skill level 1 in Axes
  3124 | D:3      | Noticed an ogre
  3129 | D:3      | Killed an ogre
  3129 | D:3      | Reached XP level 6. HP: 33/51 MP: 5/9
  3147 | D:3      | Reached ** piety under Pakellas
  3147 | D:3      | Received a gift from Pakellas
  3557 | D:4      | Found Plog's Antique Weapon Boutique.
  3607 | D:4      | Noticed Blork the orc
  3609 | D:4      | Noticed Blork
  3609 | D:4      | Blork the orc changed into Blork the ogre
  3615 | D:4      | Killed Blork the ogre
  3615 | D:4      | Reached skill level 5 in Evocations
  3615 | D:4      | Reached XP level 7. HP: 34/57 MP: 9/11
  3947 | D:4      | Found an ancient bone altar of Kikubaaqudgha.
  4074 | D:4      | Reached skill level 5 in Axes
  4309 | D:5      | Entered Level 5 of the Dungeon
  4381 | D:5      | Found a white marble altar of Elyvilon.
  4384 | D:5      | Found a glowing golden altar of the Shining One.
  4385 | D:5      | Found a glowing silver altar of Zin.
  4477 | D:5      | Reached skill level 6 in Evocations
  4858 | D:5      | Found a staircase to the Ecumenical Temple.
  5006 | D:6      | Reached skill level 7 in Evocations
  5006 | D:6      | Reached XP level 8. HP: 49/64 MP: 5/13
  5093 | D:6      | Reached *** piety under Pakellas
  5093 | D:6      | Received a gift from Pakellas
  5093 | D:6      | Reached skill level 8 in Evocations
  5098 | D:6      | Identified a +0 rod of inaccuracy (10/10) (You found it on level 5 of the Dungeon)
  5106 | D:6      | Reached skill level 9 in Evocations
  5217 | D:6      | Gained mutation: You passively map the area around you. [Deep Dwarf growth]
  5217 | D:6      | Reached XP level 9. HP: 14/70 MP: 7/16
  5219 | D:6      | Got a slimy bone amulet
  5220 | D:6      | Identified the amulet "Qeaq Cuzu" {Faith rPois MR+ Str-4 Int+6} (You found it on level 6 of the Dungeon)
  5249 | D:6      | Found a snail-covered altar of Cheibriados.
  5360 | D:6      | Found a shimmering altar of Xom.
  5360 | D:6      | Found a burning altar of Makhleb.
  5797 | D:6      | Reached skill level 5 in Armour
  5833 | D:7      | Reached **** piety under Pakellas
  5833 | D:7      | Received a gift from Pakellas
  5969 | D:7      | Noticed a hill giant
  5980 | D:7      | Killed a hill giant
  6153 | D:7      | Got an ancient war axe
  6154 | D:7      | Identified the cursed +2 war axe "Zego Nell" {chop, rElec rPois Str+4 Dex+3} (You found it on level 7 of the Dungeon)
  6239 | D:7      | Reached skill level 5 in Dodging
  6315 | D:7      | Noticed Crazy Yiuf
  6322 | D:7      | Killed Crazy Yiuf
  6760 | D:7      | Reached XP level 10. HP: 30/84 MP: 17/17
  7000 | D:8      | Reached ***** piety under Pakellas
  7000 | D:8      | Received a gift from Pakellas
  7003 | D:8      | Reached skill level 5 in Fighting
  7233 | D:8      | Got a warped tin ring
  7244 | D:8      | Identified the ring of the King {rCorr *Drain MR++} (You found it on level 8 of the Dungeon)
  7268 | D:8      | Found an iron altar of Okawaru.
  7268 | D:8      | Found a deep blue altar of Sif Muna.
  7271 | D:8      | Found a basalt altar of Yredelemnul.
  7272 | D:8      | Found a stormy altar of Qazlal.
  7273 | D:8      | Found a bloodstained altar of Trog.
  7276 | D:8      | Found a shattered altar of Ashenzari.
  7386 | D:8      | Found Vupateck's Assorted Antiques.
  7403 | D:8      | Noticed Pikel
  7421 | D:8      | Identified the Volume of Stolen Souls
  7433 | D:8      | Killed Pikel
  7563 | D:8      | Found a large runed door.
  7564 | D:8      | Found a large runed door.
  7711 | D:8      | Noticed a griffon
  7725 | D:8      | Killed a griffon
  7725 | D:8      | Reached skill level 10 in Axes
  7794 | D:8      | Found a deep blue altar of Sif Muna.
  7797 | D:8      | Found a bloodstained altar of Trog.
  7797 | D:8      | Noticed a death knight
  7807 | D:8      | Identified a +4 rod of clouds (9/9) (Pakellas gifted it to you on level 8 of the Dungeon)
  7812 | D:8      | Killed a death knight
  7812 | D:8      | Reached XP level 11. HP: 54/100 MP: 12/18
  7897 | D:9      | Found a roughly hewn altar of Beogh.
  7897 | D:9      | Found a staircase to the Orcish Mines.
  7999 | D:9      | Found a staircase to the Lair.
  8055 | Lair:1   | Entered Level 1 of the Lair of Beasts
  8063 | Lair:1   | Reached skill level 10 in Evocations
  8329 | D:9      | Found a runed door.
  8645 | D:9      | Found a roughly hewn altar of Beogh.
  8973 | Lair:1   | Noticed a six-headed hydra
  8977 | Lair:1   | Killed a six-headed hydra
  8977 | Lair:1   | Reached skill level 11 in Evocations
 10224 | Lair:3   | Reached ****** piety under Pakellas
 10228 | Lair:3   | Reached skill level 12 in Evocations
 10313 | Lair:3   | Noticed Snorg
 10324 | Lair:3   | Killed Snorg
 10529 | Lair:3   | You fall through a shaft for 2 floors!
 10560 | Lair:5   | Reached XP level 12. HP: 39/109 MP: 15/21
 10987 | Lair:4   | Reached skill level 13 in Evocations
 11612 | Lair:4   | Got a transparent halberd
 11613 | Lair:4   | Identified the +2 halberd "Fobutz" {pain, rF+ rC+} (You found it on level 4 of the Lair of Beasts)
 12061 | Lair:5   | Reached skill level 14 in Evocations
 12671 | Lair:5   | Found a staircase to the Shoals.
 13331 | Lair:6   | Found a staircase to the Snake Pit.
 13379 | Lair:6   | Reached XP level 13. HP: 34/117 MP: 23/23
 14256 | Lair:7   | Found a staircase to the Slime Pits.
 14257 | Lair:7   | Found a viscous altar of Jiyva.
 14553 | Lair:7   | Reached skill level 10 in Fighting
 14771 | Lair:7   | Noticed Kirke
 14867 | Lair:7   | Killed Kirke
 15198 | Lair:7   | Identified a +10 rod of clouds (18/18) (supercharged by Pakellas)
 15379 | Lair:8   | Entered Level 8 of the Lair of Beasts
 15402 | Lair:8   | Reached skill level 15 in Axes
 15537 | Lair:8   | Found a frozen archway.
 15590 | IceCv    | Entered an ice cave
 16000 | IceCv    | Noticed a frost giant
 16009 | IceCv    | Killed a frost giant
 16009 | IceCv    | Gained mutation: You resist negative energy. [Deep Dwarf growth]
 16009 | IceCv    | Reached XP level 14. HP: 68/132 MP: 24/24
 16266 | IceCv    | Got an ichor-stained battleaxe
 16267 | IceCv    | Identified the +5 battleaxe of Integrity {flame, rF- rN+ Dex+3} (You found it in an ice cave)
 17075 | Lair:8   | Reached skill level 15 in Evocations
 17407 | Lair:8   | Reached skill level 16 in Evocations
 18432 | Orc:1    | Entered Level 1 of the Orcish Mines
 18656 | Orc:2    | Entered Level 2 of the Orcish Mines
 18666 | Orc:2    | Found a gateway to a bazaar.
 18666 | Orc:2    | Noticed Rupert
 18679 | Orc:2    | Killed Rupert
 18679 | Orc:2    | Reached skill level 10 in Armour
 18799 | Bazaar   | Entered a bazaar
 18800 | Bazaar   | Found Feyleqio's General Store.
 18800 | Bazaar   | Found Tuejutha's General Store.
 18802 | Bazaar   | Found Riororph's Weapon Emporium.
 18805 | Bazaar   | Found Noonasm's Magic Scroll Boutique.
 18815 | Bazaar   | Found Rekused's Antique Armour Boutique.
 18821 | Bazaar   | Found Tewast's Gadget Shoppe.
 18839 | Bazaar   | Bought a potion of agility for 28 gold pieces
 18847 | Bazaar   | Bought a scroll of summoning for 95 gold pieces
 18847 | Bazaar   | Bought a scroll of identify for 20 gold pieces
 18847 | Bazaar   | Bought a scroll of teleportation for 30 gold pieces
 18851 | Bazaar   | Bought a scroll of teleportation for 33 gold pieces
 18851 | Bazaar   | Bought a scroll of identify for 22 gold pieces
 18862 | Bazaar   | Bought a box of beasts for 240 gold pieces
 18862 | Bazaar   | Bought a disc of storms for 240 gold pieces
 18888 | Orc:2    | Found a staircase to the Elven Halls.
 19151 | Orc:1    | Noticed Harold
 19162 | Orc:1    | Killed Harold
 19758 | Orc:2    | Paralysed by an orc sorcerer for 6 turns
 19890 | Orc:2    | Found Umagezul's Assorted Antiques.
 19890 | Orc:2    | Found Yhiesah's Jewellery Boutique.
 19901 | Orc:2    | Found Wifar's Armour Shoppe.
 19901 | Orc:2    | Found Xas Hiku's Antique Armour Boutique.
 19914 | Orc:2    | Bought a scroll labeled TANISMI LOUF for 27 gold pieces
 19914 | Orc:2    | Bought a scroll of teleportation for 81 gold pieces
 19918 | Orc:2    | Bought a shiny helmet for 135 gold pieces
 19931 | Orc:2    | Bought the amulet "Emyrinwo" {Reflect +Blink rF+ MP-9 Str+2 SH+4} for 652 gold pieces
 20203 | D:8      | Bought a potion of curing for 84 gold pieces
 20203 | D:8      | Bought a scroll of identify for 56 gold pieces
 20203 | D:8      | Bought a potion of heal wounds for 140 gold pieces
 20203 | D:8      | Bought a potion of haste for 280 gold pieces
 20205 | D:8      | Gained mutation: You are partially covered in slimy green scales (AC +2). [potion of beneficial mutation]
 20254 | D:10     | Entered Level 10 of the Dungeon
 20448 | D:10     | Reached XP level 15. HP: 71/138 MP: 18/27
 20751 | D:10     | Noticed Sonja
 20755 | D:10     | Killed Sonja
 20963 | D:10     | Found Gogabey's Distillery.
 21412 | D:11     | Noticed Erolcha
 21428 | D:11     | Killed Erolcha
 21511 | D:11     | Identified the Incunabulum of Fetching Stones
 22304 | D:11     | Noticed Josephine
 22318 | D:11     | Killed Josephine
 23023 | D:12     | Found Siziwesa's Gadget Boutique.
 23029 | D:12     | Bought a wand of acid (7/15) for 330 gold pieces
 23029 | D:12     | Bought a wand of lightning (7/15) for 165 gold pieces
 23372 | D:13     | Found a labyrinth entrance.
 23388 | Lab      | Entered a labyrinth
 24445 | D:13     | Noticed Urug
 24465 | D:13     | Killed Urug
 24532 | D:13     | Found Vitoe's Jewellery Shoppe.
 24614 | D:14     | Found Natsutiw's Weapon Emporium.
 25191 | D:14     | Found Gobri's Antique Weapon Shoppe.
 25258 | D:14     | Found a gate to the Vaults.
 25315 | D:14     | Found Qutuuna's Antique Weapon Emporium.
 25514 | D:15     | Entered Level 15 of the Dungeon
 25567 | D:15     | Reached XP level 16. HP: 119/146 MP: 13/28
 25702 | D:15     | Found a staircase to the Depths.
 25930 | D:15     | Found Resuethro's Assorted Antiques.
 25936 | D:15     | Bought a scroll of enchant armour for 315 gold pieces
 26092 | D:15     | Found a stormy altar of Qazlal.
 26667 | Shoals:1 | Entered Level 1 of the Shoals
 26701 | Shoals:1 | Reached skill level 10 in Dodging
 27411 | Shoals:2 | Got a pitted battleaxe
 27412 | Shoals:2 | Identified the +9 battleaxe "Uxoisk" {flame, rPois rC+ Dex+2} (You found it on level 2 of the Shoals)
 27526 | Snake:1  | Entered Level 1 of the Snake Pit
 27686 | Snake:1  | Found an opulent altar of Gozag.
 28363 | Snake:1  | Reached skill level 17 in Evocations
 29144 | Snake:3  | Reached XP level 17. HP: 71/157 MP: 15/29
 29899 | Snake:4  | Entered Level 4 of the Snake Pit
 30265 | Snake:4  | Identified a -1 rod of ignition (12/12) (You found it on level 4 of the Snake Pit)
 30298 | Snake:4  | Reached skill level 18 in Evocations
 30305 | Snake:4  | Noticed Donald
 30320 | Snake:4  | Killed Donald
 31250 | Snake:4  | Got a serpentine rune of Zot
 31468 | Snake:4  | Gained mutation: You passively map a large area around you. [Deep Dwarf growth]
 31468 | Snake:4  | Reached XP level 18. HP: 66/169 MP: 22/31
 32772 | Shoals:3 | Reached skill level 19 in Evocations
 32992 | Shoals:4 | Entered Level 4 of the Shoals
 32992 | Shoals:4 | Noticed Ilsuiw
 33006 | Shoals:4 | Killed Ilsuiw
 33110 | Shoals:4 | Got a smoking golden ring
 33446 | Shoals:4 | Identified the ring of Xyuzxili {Fire rPois MR++ Str+5 Stlth-} (You found it on level 4 of the Shoals)
 33789 | Shoals:4 | Gained mutation: You are partially covered in molten scales (AC +1). [potion of beneficial mutation]
 34009 | Shoals:4 | Got a barnacled rune of Zot
 34063 | Shoals:4 | Found Moddac's Jewellery Shop.
 34137 | Shoals:4 | Reached skill level 15 in Armour
 34746 | Vaults:1 | Entered Level 1 of the Vaults
 34990 | Vaults:1 | Reached XP level 19. HP: 103/180 MP: 21/32
 35190 | Vaults:1 | Reached skill level 20 in Evocations
 36042 | Vaults:2 | Noticed Margery
 36053 | Vaults:2 | Noticed Mennas
 36063 | Vaults:2 | Killed Margery
 36682 | Vaults:2 | Found Poifuetu's Weapon Emporium.
 36686 | Vaults:2 | Noticed Asterion
 36700 | Vaults:2 | Killed Asterion
 36976 | Vaults:2 | Reached skill level 21 in Evocations
 37242 | Vaults:3 | Killed Mennas
 37433 | Vaults:3 | Reached XP level 20. HP: 98/192 MP: 14/34
 37461 | Vaults:3 | Found a staircase to the Crypt.
 37461 | Vaults:3 | Found an ancient bone altar of Kikubaaqudgha.
 37462 | Vaults:3 | Found a basalt altar of Yredelemnul.
 37597 | Vaults:3 | Found Uppiakk's Antique Weapon Boutique.
 38293 | Vaults:3 | Reached skill level 15 in Fighting
 39276 | Vaults:4 | Reached skill level 22 in Evocations
 39960 | Depths:1 | Entered Level 1 of the Depths
 39960 | Depths:1 | Found a gateway to Hell.
 40203 | Depths:1 | Found a glowing golden altar of the Shining One.
 40560 | Depths:2 | Noticed AlphabetPasta's ghost (adept SpWr)
 40628 | Depths:2 | Killed AlphabetPasta's ghost
 40756 | Depths:2 | Reached XP level 21. HP: 82/204 MP: 11/36
 41256 | Depths:2 | Reached skill level 23 in Evocations
 41418 | Depths:2 | Found a corrupted altar of Lugonu.
 41912 | Depths:3 | Found a gateway to a bazaar.
 41978 | Bazaar   | Entered a bazaar
 41978 | Bazaar   | Found Haisu's Book Boutique.
 41978 | Bazaar   | Found Qomu's Book Boutique.
 41978 | Bazaar   | Found Viog's General Store.
 41978 | Bazaar   | Found Joij's Book Shop.
 41978 | Bazaar   | Found Teycvy's Jewellery Boutique.
 41978 | Bazaar   | Found Hanarest's Assorted Antiques.
 41988 | Bazaar   | Bought a potion of invisibility for 224 gold pieces
 41988 | Bazaar   | Bought an executioner's axe for 280 gold pieces
 41994 | Bazaar   | Bought a scroll of enchant weapon for 97 gold pieces
 41994 | Bazaar   | Bought a scroll of magic mapping for 45 gold pieces
 41994 | Bazaar   | Bought a scroll of blinking for 97 gold pieces
 43489 | Depths:3 | Upgraded the game from 0.18-a0-1800-gdc7a371 to 0.18-a0-1808-g3e993bd
 43500 | Depths:3 | Found a one-way gate leading to the halls of Pandemonium.
 43613 | Depths:3 | Found a gateway to a ziggurat.
 43876 | Depths:3 | Found a one-way gate to the infinite horrors of the Abyss.
 44259 | Depths:4 | Killed from afar by an ice dragon

Vault maps used:
D:1:      dpeg_arrival_stone_temple_mockup, item_on_display_a
D:2:      gammafunk_pakellas_statue_experiment, uniq_sigmund
D:3:      kennysheep_six_static_rooms, uniq_jessica, uniq_robin
D:4:      wad_lake_hut, lemuel_zombie_altar_kikubaaqudgha, first_bread,
          serial_shops, shop, uniq_blork_the_orc
D:5:      good_gods_temple_1, minmay_temple_entry_statues_pillars,
          bh_walls_and_bars
D:6:      grunt_temple_overflow_champion_of_chaos, lemuel_crystal_altar,
          minmay_ruffians
D:7:      uniq_crazy_yiuf_cottage
D:8:      minitemple, serial_shops, shop, david_nohive_1, jmf_multi_god_temple2,
          uniq_pikel
D:9:      lair_0_dummy, david_orc_5, minivault_1, statue_in_the_mist_lemuel,
          lightli_church_of_beogh
D:10:     serial_shops, shop, special_room, corexii_corridor_pit, uniq_sonja
D:11:     hangedman_cross_cluster, uniq_erolcha, uniq_josephine
D:12:     serial_shops, shop, nrook_guardian_serpent_ordinary
D:13:     serial_shops, shop_statue, serial_glass, glass_columns_c,
          glass_columns_a, lab_entry_generic, nrook_guardian_serpent_double,
          uniq_urug
D:14:     lightli_vaults_fourway_checkpoint, nicolae_wwwww, serial_shops, shop,
          shop, nicolae_shop_trees
D:15:     grunt_enter_depths_hoard, serial_shops,
          nicolae_shop_overgrown_old_shop, minmay_misc_feat_roman,
          grunt_qazlal_clouds
Lair:2:   grunt_megastairs_5, infiniplex_staircase_pool_2
Lair:3:   uniq_snorg
Lair:4:   roderic_carrion_pond
Lair:5:   elwin_shoals_entry_rooms, grunt_megastairs_2
Lair:6:   minmay_snake_entry_six_corridors, st_stairs_5
Lair:7:   slime_altar_1, uniq_kirke
Lair:8:   grunt_lair_end_beastmaster, portal_ice_cave_entry_ice_beasts,
          st_stairs_4, grunt_megastairs_4
Shoals:1: nicolae_shoals_water_elemental_grotto
Shoals:4: shoals_end_grunt_garden, shoal_ilsuiw, serial_shops,
          nicolae_shop_window_shopping
Snake:1:  basic_altar
Snake:2:  serial_bayou_shore_a
Snake:3:  abandoned_shop, grunt_ministairs_8
Snake:4:  grunt_snake_rune_pools, special_room, grunt_ministairs_2,
          serial_bayou_shore_b, grunt_megastairs_3, uniq_donald
Orc:1:    uniq_harold
Orc:2:    grunt_orc_tribal_feast, serial_shops, bzr_in_the_mist, mines3_lemuel,
          uniq_rupert
Vaults:1: grunt_vaults_swirl, v_misc_18, hangedman_vaults_locks,
          ontoclasm_vaults_ligature, nicolae_vaults_yaktaur_gun_rack, v_misc_29,
          v_misc_17, v_pattern_3
Vaults:2: vaults_mumra_chevron, v_pattern_1, v_misc_12, hangedman_vaults_nodes,
          hangedman_vaults_variations, nicolae_vaults_little_squares_2,
          vaults_room_corners, vaults_room_pool, vaults_room_large_hall,
          vaults_room_corners, serial_shops, shop_coins, uniq_margery,
          uniq_asterion, uniq_mennas
Vaults:3: minmay_crypt_entry_necro_gods, v_pattern_4, grunt_vaults_hallway_long,
          v_misc_26, hangedman_vaults_trim, ontoclasm_vaults_twist,
          ontoclasm_vaults_idyll, hangedman_vaults_pinch,
          vaults_room_stairs_pillars, grunt_vaults_diagonal, v_misc_8,
          v_misc_23, v_misc_9, v_misc_11, serial_shops, shop
Vaults:4: nicolae_vaults_hallways_thing, vaults_room_door_ring,
          ontoclasm_vaults_chip, nicolae_vaults_theta,
          nicolae_vaults_little_squares_1,
          nicolae_vaults_windows_and_doors_thing,
          nicolae_vaults_little_squares_5
Depths:1: minmay_misc_feat_encased, hell_entry, tso_altar
Depths:2: lemuel_castle_with_subvaults, lightli_too_deep,
          hangedman_decor_lopped, tgw_lugonu_bribe
Depths:3: kennysheep_spiral_hall, enter_ziggurat_f, pan_entry, serial_shops,
          bzr_entry_dummy, hell_entry, hangedman_abyss_entry_splay
Depths:4: hangedman_pleasuredromes, serial_shops, abyss_entry, hell_entry
Lab:      labyrinth_spiral, nicolae_lab_arrow, lab_block,
          nicolae_lab_flowing_pool, nicolae_lab_dead_end, nicolae_lab_hexagon
Bazaar:   bazaar_minmay_challenge, bazaar_minmay_generic_box
IceCv:    ice_cave_small_giant

Skill      XL: |  1  2  3  4  5  6  7  8  9 10 11 12 13 14 15 16 17 18 19 20 21 |
---------------+----------------------------------------------------------------+-----
Fighting       | 1 3 7 8 10 11 12 13 14 15 16 | 16.4
Maces & Flails | 1 2 3 |  3.7
Shields        | 1 2 3 |  3.7
Axes           | 2 4 6 8 10 12 14 16 17 19 20 | 20.7
Evocations     | 5 7 9 12 14 16 17 18 19 21 22 23 | 23.1
Armour         | 2 7 9 11 12 13 15 16 17 18 | 18.5
Dodging        | 5 8 11 12 14 | 14.3
Short Blades   | |  0.8
Stealth        | |  1.2

Action                   |  1- 3 |  4- 6 |  7- 9 | 10-12 | 13-15 | 16-18 | 19-21 || total
-------------------------+-------+-------+-------+-------+-------+-------+-------++-------
Melee: Whip              |   167 |   111 |       |       |       |       |       ||   278
       Mace              |       |    54 |       |       |       |       |       ||    54
       Battleaxe         |       |   106 |   286 |   679 |  1129 |  1012 |  1125 ||  4337
       War axe           |       |       |    74 |   138 |       |       |       ||   212
       Executioner's axe |       |       |       |       |       |       |   122 ||   122
Invok: Quick Charge      |       |     1 |     4 |    13 |    18 |    30 |    26 ||    92
       Supercharge       |       |       |       |       |     1 |       |       ||     1
 Abil: Evoke Flight      |       |       |       |       |       |     2 |       ||     2
Evoke: Wand              |    23 |    18 |    23 |   132 |    83 |   119 |    92 ||   490
       Rod               |       |       |     2 |     5 |    74 |    65 |    32 ||   178
       Stone of tremors  |       |       |       |       |     1 |     3 |     1 ||     5
       Phial of floods   |       |       |       |       |     1 |     1 |       ||     2
       Box of beasts     |       |       |       |       |       |     5 |     2 ||     7
       Fan of gales      |       |       |       |       |       |     1 |       ||     1
       Phantom mirror    |       |       |       |       |       |     1 |       ||     1
       Deck              |       |       |       |       |       |       |     1 ||     1
  Use: Scroll            |       |    14 |    11 |    14 |     6 |    16 |    14 ||    75
       Potion            |       |       |       |     6 |     6 |    16 |     6 ||    34
 Stab: Sleeping          |     2 |     1 |       |       |       |       |       ||     3
       Paralysed         |       |     2 |     6 |     6 |     2 |       |       ||    16
       Invisible         |       |       |     1 |     3 |       |       |     1 ||     5
       Distracted        |       |       |       |     4 |       |     4 |       ||     8
       Betrayed ally     |       |       |       |     2 |       |       |       ||     2
       Petrifying        |       |       |       |       |     1 |       |       ||     1
  Eat: Chunk             |     3 |     6 |     8 |    26 |    50 |    23 |    17 ||   133
       Beef jerky        |       |       |     1 |     1 |     2 |     7 |     4 ||    15
       Pizza             |       |       |     1 |       |     2 |     1 |       ||     4
       Fruit             |       |       |       |       |     3 |     6 |       ||     9
       Meat ration       |       |       |       |       |     1 |       |       ||     1
       Bread ration      |       |       |       |       |       |     5 |     3 ||     8
       Royal jelly       |       |       |       |       |       |     1 |       ||     1
Armor: Leather armour    |    55 |     3 |       |       |       |       |       ||    58
       Ring mail         |       |   113 |     5 |       |       |       |       ||   118
       Chain mail        |       |       |   287 |       |       |       |       ||   287
       Crystal plate arm |       |       |    71 |   937 |  1007 |  1053 |   828 ||  3896
Dodge: Dodged            |    87 |   182 |   208 |   469 |   404 |   620 |   525 ||  2495
Block: Buckler           |    30 |    41 |       |       |       |       |       ||    71
       Other             |       |       |       |       |    91 |   203 |   198 ||   492
       Reflection        |       |       |       |       |    11 |    25 |    15 ||    51
